 Dungeon Crawl Stone Soup version 0.32-a0-43-g058985b245 (webtiles) character file.

Game seed: 12274586019205632360

180 BubbleThief the Apothecary (level 5, 0/42 HPs)
             Began as a Naga Alchemist on Feb 4, 2024.
             Killed by nerve-wracking pain
             ... invoked by an orc priest
              (5 damage)
             ... on level 4 of the Dungeon.
             The game lasted 00:04:12 (2573 turns).

BubbleThief the Apothecary (Naga Alchemist)         Turns: 2573, Time: 00:04:13

Health: 0/42       AC:  4    Str: 10    XL:     5   Next: 60%
Magic:  0/10       EV: 10    Int: 17    God:
Gold:   196        SH:  0    Dex: 12    Spells: 2/10 levels left

rFire   . . .        l - +0 dagger
rCold   . . .        (no shield)
rNeg    . . .        a - +0 robe
rPois   +            o - +0 helmet
rElec   .            (no cloak)
rCorr   .            d - +0 pair of gloves
SInv    +            (no barding)
Will    .....        (no amulet)
Stlth   ++           (no ring)
HPRegen 0.27/turn    (no ring)
MPRegen 0.12/turn

%: no passive effects
@: short of breath, very slow
A: AC +1, large, see invisible, deformed body, poison resistance, slowness 2,
spit poison 1, naga tail 1
a: Spit Poison


You were on level 4 of the Dungeon.
You visited 1 branch of the dungeon, and saw 4 of its levels.

You collected 196 gold pieces.

Inventory:

Hand Weapons
 l - a +0 dagger (weapon)
Armour
 a - a +0 robe (worn)
 d - a +0 pair of gloves (worn)
 o - a +0 helmet (worn)
Jewellery
 j - an amulet of regeneration
 m - a ring of wizardry
Scrolls
 e - 5 scrolls of identify {unknown}
 f - 2 scrolls of poison {unknown}
 g - 2 scrolls of summoning {unknown}
 k - a scroll of brand weapon {unknown}
 p - a scroll of enchant armour {unknown}
 r - a scroll of vulnerability {unknown}
Potions
 b - a potion of magic
 c - a potion of haste {unknown}
 h - 2 potions of enlightenment {unknown}
 i - 2 potions of lignification {unknown}
 n - a potion of heal wounds {unknown}
 q - a potion of berserk rage {unknown}
 s - a potion of ambrosia {unknown}
 t - a potion of might {unknown}


   Skills:
 - Level 1.5 Dodging
 - Level 3.0 Stealth
 + Level 3.4 Spellcasting
 - Level 1.0 Conjurations
 * Level 6.3 Alchemy


You had 2 spell levels left.
You knew the following spells:

 Your Spells              Type           Power      Damage    Failure   Level
a - Sting                 Conj/Alch      60%        1d6       3%          1
b - Mephitic Cloud        Conj/Alch/Air  11%        N/A       19%         3
c - Olgreb's Toxic Radia  Alch           24%        N/A       12%         4

Your spell library contained the following spells:

 Spells                   Type           Power      Damage    Failure   Level
 Mercury Vapours          Alch/Air       26%        N/A       7%          2
 Call Imp                 Summ           4%         N/A       26%         2
 Sublimation of Blood     Necr           2%         N/A       26%         2
 Sticky Flame             Fire/Alch      13%        2d5       41%         4
 Summon Hydra             Summ           1%         N/A       100%        7


Dungeon Overview and Level Annotations

Branches:
Dungeon (4/15)
 Temple: D:4-7

Altars:
Wu Jian

Annotations:
D:1 1 runed translucent door
D:4 Grinder


Innate Abilities, Weirdness & Mutations

Your serpentine skin is tough. (AC +1)
You have supernaturally acute eyesight. (SInv)
Armour fits poorly on your strangely shaped body.
Your system is resistant to poisons. (rPois)
You cover ground very slowly.
You can spit poison.
You have a snake-like lower body.


Message History

The jelly is almost dead.
You hear a shout!
The jelly barely misses you.
Casting: Sting (safe; 4% risk of failure)
Confirm with . or Enter, or press ? or * to list all spells.
You begin to radiate toxic energy.
The orc priest is poisoned.
You kill the orc wizard!
You have got your breath back.
The orc priest mumbles some strange prayers to Beogh against you.
Beogh smites you! The jelly barely misses you.
You hear a shout!
Your Alchemy skill increases to level 6!
Unknown command.
You hit the jelly but do no damage.
Your hands burn!
The jelly is almost dead.
An orc comes into view. It is wielding a +0 mace.
The jelly hits you but does no damage.
Unknown command.
Saving game... please wait.
Level annotation: Grinder Welcome back, BubbleThief the Naga Alchemist.
Press ? for a list of commands and other information.
The orc is poisoned.
The orc priest looks even sicker.
Your toxic aura wanes.
You kill the jelly!
The orc priest invokes the aid of Beogh against you.
Pain shoots through your body!
* * * LOW HITPOINT WARNING * * *
Unknown command.
Aiming: Spit Poison (1% risk of failure)
Press: ? - help, Shift-Dir - straight line, f - orc priest
Aim: an orc priest, wielding a +0 dagger (severely wounded, very poisoned, 59% to hit)
The splash of poison hits the orc priest.
The orc priest looks even sicker.
The orc priest is almost dead.
Unknown command.
You aren't carrying any items that you can evoke.
The orc priest invokes the aid of Beogh against you.
Pain shoots through your body!
You die...

#.## ##.#
#..# #.##
##.# #..#
####.##
#.....##
.....###@.##
..## ##..#
##.## ##o#
#o.# ##..#
#..# #..#
#..#


You could see an orc priest (very poisoned) and an orc (poisoned).

Vanquished Creatures
  A bombardier beetle (D:4)
  A jelly (D:4)
  An orc wizard (D:4)
  3 adders
  A ribbon worm (D:2)
  A dart slug (D:1)
  4 orcs (D:4)
  2 ball pythons
  4 endoplasms
  3 giant cockroaches
  6 goblins
  4 hobgoblins
  2 jackals (D:3)
  6 kobolds
  5 quokkas (D:1)
  4 bats
  A frilled lizard (D:1)
  3 rats
52 creatures vanquished.

Notes
Turn   | Place    | Note
-------+----------+-------------------------------------------
     0 | D:1      | BubbleThief the Naga Alchemist began the quest for the Orb.
     0 | D:1      | Reached XP level 1. HP: 15/15 MP: 3/3
     0 | D:1      | Noticed a jelly
     1 | D:1      | Found a runed translucent door.
   203 | D:1      | Reached skill level 4 in Alchemy
   220 | D:1      | Reached XP level 2. HP: 22/22 MP: 3/5
   578 | D:1      | Reached XP level 3. HP: 28/28 MP: 6/6
  1163 | D:2      | Learned a level 3 spell: Mephitic Cloud
  1291 | D:2      | Reached skill level 5 in Alchemy
  1519 | D:2      | Reached XP level 4. HP: 36/36 MP: 4/8
  1835 | D:3      | Learned a level 4 spell: Olgreb's Toxic Radiance
  2053 | D:3      | Found an ornate altar of the Wu Jian Council.
  2354 | D:4      | Reached XP level 5. HP: 34/42 MP: 1/9
  2447 | D:4      | Noticed Grinder
  2570 | D:4      | Reached skill level 6 in Alchemy
  2573 | D:4      | Killed from afar by an orc priest

Illustrated notes

Levels and vault maps discovered:
D:1:      dpeg_arrival_caged_fury, layout_loops_ring,
          chequers_serial_rivers_marsh, minmay_unequal
D:2:      layout_basic
D:3:      layout_basic, nicolae_wu_jian_wuxing_cycle, grunt_ministairs_2
D:4:      layout_cave_pods, lemuel_tele_altar, okawaru_ov_weapons_minmay,
          gammafunk_ghost_grave, minmay_joined_circles, uniq_grinder

Skill      XL: |  1  2  3  4  5 |
---------------+----------------+-----
Alchemy        | 4 5 6 |  6.3
Spellcasting   | 3 |  3.4
Dodging        | |  1.5
Stealth        | |  3.0
Conjurations   | |  1.0

Action                     |  1- 3 |  4- 6 || total
---------------------------+-------+-------++-------
  Melee: Unarmed           |     7 |       ||     7
         Dagger            |     2 |     7 ||     9
   Cast: Sting             |    39 |    24 ||    63
         Olgreb's Toxic Ra |       |     3 ||     3
Ability: Spit Poison       |    28 |    12 ||    40
 Armour: Robe              |    27 |     8 ||    35
  Dodge: Dodged            |     9 |     5 ||    14

Table legend: (Time is in decaauts)
 A = Elapsed time spent in this place.
 B = Non-inter-level travel time spent in this place.
 C = Inter-level travel time spent in this place.
 D = Time resting spent in this place.
 E = Time spent auto-exploring this place.
 F = Levels seen in this place.
 G = Mean time per level.
                   A        B        C        D        E       F      G
               +--------+--------+--------+--------+--------+-----+--------+
         Total |   3287 |   3185 |    102 |      0 |   2686 |   4 |  821.8 |
       Dungeon |   3287 |   3185 |    102 |      0 |   2686 |   4 |  821.8 |
               +--------+--------+--------+--------+--------+-----+--------+

Top non-repeatable levels by time:
     D:1: 1192 daAuts
     D:2: 968 daAuts
     D:3: 809 daAuts
     D:4: 316 daAuts
